AoeStats
← irajarek

Golden Pit

509922023Analyzed
1v1 RM · 2d ago on Sep 28, 2026· 47m 35s· 2 players
Game mode
Random Map
Map size
Tiny (2 player)
Population
200
Speed
Normal
Resources
Standard
Victory
Conquest
Starting age
Dark Age
Ending age
Imperial Age
RankedLock teamsTeams togetherTeam positionsShared explorationLock speedFull tech treeHidden civsTurbo modeCheats
Victory
Defeat
🇵🇱 Varangians · Poland
682
+17
🇹🇷 Bohemians · Türkiye
695
-17
irajarek
5:35 Loom
9:48 Feudal Age
10:59 Double-Bit Axe
11:36 Horse Collar
14:44 Man-at-Arms
16:35 Forging
20:16 Arson
26:40 Castle Age
24:30 Town Watch
25:21 Wheelbarrow
25:05 Bloodlines
25:19 Scale Barding Armor
29:29 Bow Saw
29:22 Heavy Plow
28:57 Pikeman
29:59 Squires
30:59 Iron Casting
30:32 Husbandry
31:56 Town Patrol
37:27 Hand Cart
42:02 Imperial Age
41:34 Chain Barding Armor
41:15 Scale Mail Armor
41:16 Padded Archer Armor
41:06 Fletching
42:33 Ballistics
42:17 Murder Holes
42:56 Gold Mining
42:57 Stone Mining
46:19 Two-Man Saw
45:52 Crop Rotation
Kurajich
1:41 Loom
14:09 Feudal Age
20:12 Castle Age
18:21 Horse Collar
18:30 Double-Bit Axe
31:57 Wheelbarrow
35:06 Fletching
42:10 Imperial Age
40:31 Hand Cart
40:02 Town Watch
43:33 Chemistry
43:19 Town Patrol
43:37 Bow Saw
43:32 Heavy Plow
45:21 Conscription
44:37 Pikeman
Connection lost

Rejoining the realm…

Still unreachable

The connection could not be restored.

Session expired

The server has moved on; the page needs a fresh start.